 Dungeon Crawl Stone Soup version bcrawl-1.40.3b (webtiles) character file.

Game seed: 403268125761610233

321189 petercordia2 the Pacifist (level 9, 76/85 HPs)
             Began as a Deep Dwarf Archaeologist on Feb 24, 2024.
             Was an Elder of Elyvilon.
             Got out of the dungeon alive.
             The game lasted 00:22:47 (6008 turns).

petercordia2 the Pacifist (DDAc)                    Turns: 6008, Time: 00:22:48

Health: 76/85      AC:  9    Str: 18    XL:     9   Next: 62%
Magic:  15/15      EV: 10    Int: 24    God:    Elyvilon [****..]
Gold:   337        SH: 10    Dex: 11    Spells: 8/8 levels left

rFire    . . .     GDR:     27% Q - +4 flail of Grontol {distort, Int+6}
rCold    . . .     SeeInvis +   k - +0 medium shield
rNeg     + . .     Gourm    .   y - +0 ring mail
rPois    .         Faith    .   d - +1 hat
rElec    +         Spirit   .   (no cloak)
rCorr    .         Reflect  .   (no gloves)
MR       +....                  o - +1 pair of boots
Stlth    ++........             h - amulet of Diafew {Acrobat rElec rN+ Int+3 SInv}
HPRegen  0.00/turn              L - ring of wizardry
MPRegen  0.14/turn              (no ring)

@: non-regenerating
A: damage resistance, sense surroundings 2, no regeneration
a: Lesser Healing, Heal Other, Purification, Greater Healing, Divine Protection,
Renounce Religion


You escaped.
You worshipped Elyvilon.
Elyvilon was greatly pleased with you.
You were not hungry.

You visited 1 branch of the dungeon, and saw 7 of its levels.

You collected 337 gold pieces.

Inventory:

Hand Weapons
 a - a +1 whip of freezing
 b - a +0 blowgun
 w - a +0 hand axe
 D - a +0 whip
 F - a +0 war axe
 J - a cursed -2 flail
 O - a +0 flail
 Q - the +4 flail of Grontol (weapon) {distort, Int+6}
   (You found it on level 5 of the Dungeon)

   It warps and distorts space around it.
   Unwielding it can cause banishment or high damage.
   It affects your intelligence (+6).
Missiles
 f - 6 curare-tipped needles
 m - 571 stones
 q - 351 arrows
 r - 992 sling bullets
 t - 62 poisoned needles
 u - 25 poisoned tomahawks (quivered)
 M - 266 bolts
Armour
 c - a +1 robe
 d - a +1 hat (worn)
 k - a +0 medium shield (worn)
 o - a +1 pair of boots (worn)
 y - a +0 ring mail (worn)
 z - a +0 chain mail
 C - a +0 plate armour
 E - a +0 cloak
 N - a +0 animal skin
Jewellery
 h - the amulet of Diafew (around neck) {Acrobat rElec rN+ Int+3 SInv}
   (You acquired it on level 3 of the Dungeon)

   [amulet of the acrobat]

   It helps you evade while moving and waiting.
   It affects your intelligence (+3).
   It insulates you from electricity.
   It protects you from negative energy.
   It lets you see invisible.
 L - a ring of wizardry (left hand)
Wands
 x - a wand of polymorph (5)
Scrolls
 g - 3 scrolls of revelation
 n - 2 scrolls of blinking
 p - 4 scrolls of teleportation {unknown}
 A - 4 scrolls of immolation {unknown}
 B - a scroll of enchant armour
 G - a scroll of amnesia
 I - a scroll of enchant weapon
Potions
 j - 3 potions of agility
 l - 3 potions of invisibility
 s - a potion of heal wounds
 v - 2 potions of mutation
 H - 2 potions of brilliance
 K - a potion of curing
 P - a potion of lignification
 R - a potion of resistance
Comestibles
 e - 6 rations {!d}
 i - a chunk of flesh


   Skills:
 * Level 6.7 Fighting
 + Level 4.0 Maces & Flails
 + Level 4.3 Armour
 + Level 5.7 Dodging
 - Level 4.0 Stealth
 * Level 6.9 Shields
 * Level 8.6 Invocations


You had 8 spell levels left.
You didn't know any spells.
Your spell library was empty.

Dungeon Overview and Level Annotations

Branches:
Dungeon (7/12)             Temple (0/1) D:6
   Lair: D:7-9

Altars:
Ashenzari
Fedhas
Hepliaklqana
Okawaru
Sif Muna
Wu Jian
Xom
The Shining One

Shops:
D:5 :


Innate Abilities, Weirdness & Mutations

You are resistant to damage.
You passively map the area around you.
You do not regenerate.


Message History

You climb upwards.
There is a stone staircase leading down here.
The worm is too close now for your liking.
(D) Dungeon (T) Temple
Where to? (Enter - D:1 @ (x,y), ? - help)
What level of the Dungeon? (default 1, ? - help)
There is a stone staircase leading up, spattered with blood here.
You climb upwards.
There is a stone staircase leading down here.
You see here a mace.
There is a stone staircase leading up here.
You climb upwards.
There is a stone staircase leading down here.
Some of the chunks of flesh in your inventory have rotted away.
Eating one of 2 chunks of flesh.
You eat one of the 2 chunks of flesh.
This raw flesh tastes terrible.
You see here a +0 dagger.
There is a staircase leading out of the dungeon here.
Are you sure you want to leave the Dungeon?
This will make you lose the game!
You have escaped!

#.#
#.............#
#.#
#.#####.#####.#
#.#
#.#≈≈≈#.#≈≈≈#.#
######.#
#.#≈≈≈#.#≈≈≈#.#
.......#
#.#≈≈≈#.#;≈≈#.#
########
#.#####.#####.#
#.............#
#.8.#######.8.#
#......@......#
###############


There were no monsters in sight!

Vanquished Creatures
  Pikel (D:5)
  Grinder (D:5)
  Sigmund (D:4)
  Edmund (D:6)
  Duvessa (D:5)
  2 orc warriors (D:6)
  A slave (D:5)
  A phantom (D:4)
  2 ice beasts
  2 necrophages
  2 ogres (D:5)
  2 bullfrogs
  A water moccasin zombie (D:3)
  Dowan (D:5)
  A centaur (D:6)
  A water moccasin skeleton (D:3)
  2 howler monkeys (D:6)
  3 orc priests
  2 bullfrog zombies
  A hound (D:6)
  4 crimson imps
  A gnoll shaman (D:6)
  A bullfrog skeleton (D:5)
  2 iguanas (D:4)
  Ijyb (D:4)
  4 orc wizards
  3 worker ants
  A mummy (D:7)
  A worker ant zombie (D:7)
  4 gnolls (D:6)
  An adder (D:4)
  2 shadow imps (D:5)
  2 oozes
  2 worms
  A dart slug (D:2)
  4 leopard geckos
  15 orcs
  A ball python (D:3)
  2 bats (D:1)
  3 giant cockroaches
  6 hobgoblins
  7 jackals
  3 quokkas
  4 frilled lizards
  3 goblins
  2 jackal skeletons
  5 kobolds
  A quokka zombie (D:5)
  4 rats
119 creatures vanquished.

Vanquished Creatures (others)
  Eustachio (D:5)
1 creature vanquished.

Grand Total: 120 creatures vanquished

Notes
Turn   | Place    | Note
-------+----------+-------------------------------------------
     0 | D:1      | petercordia2 the Deep Dwarf Archaeologist began the quest
                  | for the Orb.
     0 | D:1      | Reached XP level 1. HP: 18/18 MP: 1/1
     3 | D:1      | Noticed an electric eel
     4 | D:1      | Noticed an electric eel
   223 | D:1      | Found a glowing golden altar of the Shining One.
   269 | D:1      | Reached skill level 1 in Invocations
   381 | D:1      | Reached XP level 2. HP: 23/25 MP: 3/3
   824 | D:2      | Reached skill level 2 in Invocations
   875 | D:2      | Reached ** piety under Elyvilon
  1168 | D:2      | Found an ornate altar of the Wu Jian Council.
  1256 | D:2      | Reached XP level 3. HP: 16/32 MP: 4/4
  1359 | D:2      | Found a shimmering blue altar of Sif Muna.
  1778 | D:3      | Reached skill level 1 in Shields
  1874 | D:3      | Reached skill level 3 in Invocations
  1874 | D:3      | Reached XP level 4. HP: 17/40 MP: 3/6
  1964 | D:3      | Reached XP level 5. HP: 11/49 MP: 7/7
  1964 | D:3      | Identified a scroll of acquirement
  1980 | D:3      | Identified the amulet of Diafew {Acrobat rElec rN+ Int+3
                  | SInv} (You acquired it on level 3 of the Dungeon)
  2181 | D:3      | Reached skill level 4 in Invocations
  2469 | D:4      | Noticed Sigmund
  2489 | D:4      | HP: 2/49 [Sigmund/magic dart (6)]
  2490 | D:4      | Elyvilon protects you from harm!
  2496 | D:4      | Killed Sigmund
  2497 | D:4      | Reached skill level 1 in Armour
  2497 | D:4      | Reached XP level 6. HP: 25/57 MP: 3/9
  2618 | D:4      | Reached skill level 5 in Invocations
  2722 | D:4      | Noticed Ijyb
  2849 | D:4      | Killed Ijyb
  2850 | D:4      | Reached XP level 7. HP: 46/64 MP: 10/10
  2968 | D:4      | Reached *** piety under Elyvilon
  3096 | D:4      | Found an iron altar of Okawaru.
  3515 | D:4      | Found a shattered altar of Ashenzari.
  3563 | D:5      | Entered Level 5 of the Dungeon
  3673 | D:5      | Found a shimmering altar of Xom.
  3674 | D:5      | Found a hazy altar of Hepliaklqana.
  3675 | D:5      | Noticed a spectral ugly thing
  3690 | D:5      | Noticed Eustachio
  3771 | D:5      | Noticed Pikel
  3833 | D:5      | Killed Pikel
  3834 | D:5      | Reached skill level 5 in Fighting
  3834 | D:5      | Reached skill level 5 in Shields
  3834 | D:5      | Reached skill level 6 in Invocations
  3834 | D:5      | Reached XP level 8. HP: 20/74 MP: 11/13
  3924 | D:5      | Noticed Grinder
  3942 | D:5      | Killed Grinder
  3943 | D:5      | Reached skill level 5 in Dodging
  3943 | D:5      | Reached skill level 7 in Invocations
  4009 | D:5      | Got a crystal flail
  4055 | D:5      | Noticed Dowan
  4073 | D:5      | Killed Eustachio
  4095 | D:5      | Noticed Duvessa
  4126 | D:5      | Pacified Dowan
  4126 | D:5      | Pacified Duvessa
  4127 | D:5      | Gained mutation: You passively map the area around you.
                  | [Deep Dwarf growth]
  4127 | D:5      | Reached XP level 9. HP: 58/82 MP: 9/14
  4344 | D:5      | Found Puelyton's Book Boutique.
  4347 | D:5      | Identified the +4 flail of Grontol {distort, Int+6} (You
                  | found it on level 5 of the Dungeon)
  4511 | D:5      | Killed Duvessa
  4681 | D:5      | Killed Dowan
  4805 | D:6      | Noticed Edmund
  4806 | D:6      | Found a blossoming altar of Fedhas.
  4818 | D:6      | Killed Edmund
  5038 | D:6      | Reached **** piety under Elyvilon
  5102 | D:6      | Found a staircase to the Ecumenical Temple.
  5206 | D:6      | Reached skill level 8 in Invocations
  6008 | D:$      | Got out of the dungeon alive.

Skill      XL: |  1  2  3  4  5  6  7  8  9 |
---------------+----------------------------+-----
Invocations    | 1 2 3 4 5 6 7 8 |  8.6
Fighting       | 2 3 4 5 6 |  6.7
Shields        | 1 2 3 5 6 |  6.9
Armour         | 1 2 3 4 |  4.3
Dodging        | 4 5 |  5.7
Maces & Flails | 2 3 4 |  4.0
Stealth        | |  4.0

Action                   |  1- 3 |  4- 6 |  7- 9 || total
-------------------------+-------+-------+-------++-------
Melee: Whip              |   142 |    85 |    69 ||   296
       Hand axe          |    11 |       |       ||    11
       Flail             |       |   103 |   391 ||   494
       Unarmed           |       |     3 |       ||     3
Throw: Stone             |     2 |     1 |       ||     3
       Tomahawk          |       |    11 |    12 ||    23
Invok: Lesser Healing    |     2 |    15 |    21 ||    38
       Heal Other        |       |       |     1 ||     1
       Purification      |       |       |     1 ||     1
  Use: Scroll            |     4 |     3 |     4 ||    11
       Potion            |       |     2 |     1 ||     3
 Stab: Sleeping          |     6 |       |     6 ||    12
  Eat: Chunk             |     8 |    13 |    26 ||    47
       Ration            |       |       |     2 ||     2
Armor: Robe              |    52 |    19 |       ||    71
       Ring mail         |       |    58 |   163 ||   221
Dodge: Dodged            |    64 |    67 |   132 ||   263
Block: Medium shield     |    37 |    89 |   202 ||   328
